 Dungeon Crawl Stone Soup version 0.26.1-2-gb8aa6d0cf2 (webtiles) character file.

Game seed: 13054145808732068376

149 Twinkles the Insei (level 5, -1/26 HPs)
             Began as a Vine Stalker Transmuter on Feb 13, 2021.
             Slain by an orc
             ... wielding a +0 mace
              (2 damage)
             ... on level 3 of the Dungeon.
             The game lasted 00:09:57 (2877 turns).

Twinkles the Insei (Vine Stalker Transmuter)        Turns: 2877, Time: 00:09:57

Health: -1/26      AC:  2    Str: 14    XL:     5   Next: 31%
Magic:  0/9        EV: 12    Int: 13    God:
Gold:   118        SH:  5    Dex: 14    Spells: 4/8 levels left

rFire    . . .     SeeInvis .     - Unarmed
rCold    . . .     Faith    .   (no shield)
rNeg     . . .     Spirit   +   a - +0 robe
rPois    .         Reflect  +   (helmet currently unavailable)
rElec    .         Harm     .   (no cloak)
rCorr    .         Rampage  .   (no gloves)
Will     .....                  (boots currently unavailable)
Stlth    ++........             g - amulet of reflection
HPRegen  0.48/turn              (no ring)
MPRegen  0.11/turn              (no ring)

@: appendages
A: fangs 2, horns 2, talons 2, regeneration 1, magic shield, antimagic bite, no
potion heal 3
a: End Transformation


You were on level 3 of the Dungeon.
You had grown temporary horns.
You had grown temporary talons.
You visited 1 branch of the dungeon, and saw 3 of its levels.

You collected 118 gold pieces.

Inventory:

Hand Weapons
 v - a +0 hunting sling
Missiles
 e - 159 stones
 j - a throwing net
 m - 35 poisoned darts
 o - 58 sling bullets
Armour
 a - a +0 robe (worn)
Jewellery
 g - an amulet of reflection (around neck)
 r - an uncursed ring of fire {unknown}
Wands
 q - a wand of random effects (11)
 t - a wand of enslavement (7)
Scrolls
 c - 2 scrolls of random uselessness {unknown}
 d - a scroll of amnesia {unknown}
 f - a scroll of blinking {unknown}
 i - 4 scrolls of teleportation {unknown}
 l - a scroll of remove curse {unknown}
 p - 3 scrolls of identify {unknown}
Potions
 b - 3 potions of curing {unknown}
 h - 3 potions of invisibility {unknown}
 k - a potion of degeneration {unknown}
 n - a potion of might {unknown}
 s - a potion of mutation {unknown}
 u - a potion of resistance {unknown}
 w - a potion of lignification {unknown}
 x - a potion of flight {unknown}
 z - a potion of ambrosia {unknown}


   Skills:
 + Level 2.3 Fighting
 - Level 1.5 Dodging
 + Level 2.8 Stealth
 + Level 3.9 Unarmed Combat
 - Level 2.1 Spellcasting
 + Level 3.1 Transmutations


You had 4 spell levels left.
You knew the following spells:

 Your Spells              Type           Power        Failure   Level
a - Beastly Appendage     Tmut           18%          7%          1
b - Spider Form           Tmut/Pois      2%           36%         3

Your spell library contained the following spells:

 Spells                   Type           Power        Failure   Level
 Wereblood                Tmut           9%           11%         2
 Ice Form                 Ice/Tmut       5%           78%         4
 Blade Hands              Tmut           4%           88%         5


Dungeon Overview and Level Annotations

Branches:
Dungeon (3/15)

Altars:

Annotations:
D:2 exclusion: downstairs, Grinder


Innate Abilities, Weirdness & Mutations

You have extremely sharp teeth.
Your natural rate of healing is unusually fast.
When hurt, damage is shared between your health and your magic reserves.
Your bite disrupts and absorbs the magic of your enemies.
Potions cannot restore your health.
You have a pair of horns on your head.
You have razor-sharp toenails.


Message History

The silver sears you!
You see here a silver javelin.
An orc comes into view.
It is wielding a +0 morningstar and carrying a wand of iceblast (9).
The orc throws a silver javelin.
The silver javelin pierces through you. The silver sears you!
You see here a silver javelin.
An orc comes into view. It is wielding a +0 mace.
The orc throws a silver javelin.
The silver javelin pierces through you!
* * * LOW HITPOINT WARNING * * *
The silver sears you!
* * * LOW HITPOINT WARNING * * *
You see here a silver javelin.
You block the orc's attack.
You barely miss the orc. The orc hits you with a +0 mace.
* * * LOW HITPOINT WARNING * * *
An orc wizard comes into view. It is wielding a +0 dagger.
You hit the orc. You punch the orc, but do no damage. Your bite misses the orc.
The orc is lightly wounded.
The orc hits you with a +0 mace.
You die...

.#... ...# .S
#o.# ### #.o.
... o.. ..#
#.##.# #.#.#
### #o.## #..
#@#(###.#
#.(.(#.#
#.#.#(#
#.....####.#
#..........#
#....####....
#....# ##
#....#####
#........[ #.


You could see an orc wizard and 3 orcs.

Vanquished Creatures
  An orc wizard (D:3)
  Terence (D:3)
  Jessica (D:2)
  An adder (D:2)
  3 worms (D:2)
  2 dart slugs
  A leopard gecko (D:3)
  5 orcs
  5 bats
  3 giant cockroaches (D:1)
  5 goblins
  4 hobgoblins (D:1)
  2 quokkas (D:2)
  3 frilled lizards
  4 kobolds (D:1)
  4 rats
45 creatures vanquished.

Notes
Turn   | Place    | Note
-------+----------+-------------------------------------------
     0 | D:1      | Twinkles the Vine Stalker Transmuter began the quest for
                  | the Orb.
     0 | D:1      | Reached XP level 1. HP: 9/9 MP: 4/4
   127 | D:1      | Reached skill level 1 in Fighting
   244 | D:1      | Reached XP level 2. HP: 11/14 MP: 3/6
   253 | D:1      | Reached skill level 1 in Stealth
  1226 | D:2      | Noticed Jessica
  1233 | D:2      | Killed Jessica
  1234 | D:2      | Reached XP level 3. HP: 18/18 MP: 7/7
  1459 | D:2      | Gained mutation: Your natural rate of healing is unusually
                  | fast. [Vine Stalker growth]
  1459 | D:2      | Reached XP level 4. HP: 23/23 MP: 6/8
  2242 | D:3      | Learned a level 3 spell: Spider Form
  2249 | D:3      | Noticed Grinder
  2599 | D:3      | Noticed Terence
  2612 | D:3      | Killed Terence
  2653 | D:3      | Reached XP level 5. HP: 23/26 MP: 7/9
  2874 | D:3      | HP: 6/26 [orc/silver javelin (9)]
  2876 | D:3      | HP: 1/26 [orc/+0 mace (3)]
  2877 | D:3      | Slain by an orc

Illustrated notes

Levels and vault maps discovered:
D:1:      minmay_arrival_four_loops, layout_loops_ring
D:2:      minmay_wonky_spiral, layout_loops_ring, hangedman_decor_points,
          uniq_jessica
D:3:      layout_loops_ring, minmay_between, uniq_terence, uniq_sigmund,
          uniq_grinder

Skill      XL: |  1  2  3  4 |
---------------+-------------+-----
Fighting       | 1 2 |  2.3
Stealth        | 1 2 |  2.8
Transmutations | 3 |  3.1
Dodging        | |  1.5
Unarmed Combat | |  3.9
Spellcasting   | |  2.1

Action                   |  1- 3 |  4- 6 || total
-------------------------+-------+-------++-------
Melee: Unarmed           |    55 |    68 ||   123
       Bite              |    14 |     8 ||    22
       Kick              |     9 |    14 ||    23
       Headbutt          |     5 |    10 ||    15
       Punch             |       |     2 ||     2
 Fire: Hunting sling     |       |     4 ||     4
 Cast: Beastly Appendage |    21 |    15 ||    36
 Stab: Sleeping          |     3 |     3 ||     6
Armor: Robe              |    12 |     9 ||    21
Dodge: Dodged            |    21 |    38 ||    59
Block: Other             |     4 |    12 ||    16
       Reflection        |     1 |     1 ||     2
